 Dungeon Crawl Stone Soup version 0.30.0-13-g156ef70053 (webtiles) character file.

Game seed: 10137940218951199825

46 monsoonserge the Slasher (level 4, 0/40 HPs)
             Began as a Meteoran Monk on May 17, 2023.
             Slain by Robin
             ... wielding a +0 mace
              (5 damage)
             ... on level 2 of the Dungeon.
             The game lasted 00:04:11 (644 turns).

monsoonserge the Slasher (Meteoran Monk)             Turns: 644, Time: 00:04:12

Health: 0/40       AC:  5    Str: 12    XL:     4   Next: 13%
Magic:  5/5        EV: 12    Int: 11    God:
Gold:   63         SH:  0    Dex: 19    Spells: 3/3 levels left

rFire   . . .        a - +0 falchion
rCold   . . .        d - orb {light}
rNeg    . . .        m - +0 ring mail
rPois   .            (no helmet)
rElec   .            (no cloak)
rCorr   .            (no gloves)
SInv    +            (no boots)
Will    .....        (no amulet)
Stlth   +            j - ring of see invisible
HPRegen 0.26/turn    (no ring)
MPRegen 0.09/turn

%: no passive effects
@: glowing
A: sense surroundings 1, otherworldly, glowing, explore regen
a: no special abilities


You were on level 2 of the Dungeon.
You visited 1 branch of the dungeon, and saw 2 of its levels.

You collected 63 gold pieces.

Inventory:

Hand Weapons
 a - a +0 falchion (weapon)
Armour
 b - a +0 robe
 d - an orb of light (worn)
 m - a +0 ring mail (worn)
Jewellery
 e - a ring of fire
 j - a ring of see invisible (left hand)
Scrolls
 g - a scroll of fear {unknown}
 i - a scroll of fog {unknown}
 k - a scroll of teleportation {unknown}
 l - a scroll of identify {unknown}
Potions
 c - a potion of ambrosia
 f - 2 potions of curing {unknown}
 h - 2 potions of attraction {unknown}


   Skills:
 + Level 3.7 Fighting
 + Level 4.5 Long Blades
 + Level 0.2 Armour
 + Level 4.3 Dodging


You had 3 spell levels left.
You didn't know any spells.
Your spell library was empty.

Dungeon Overview and Level Annotations

Branches:
Dungeon (2/15) Zot: 547

Altars:

Annotations:
D:2 Natasha, Robin


Innate Abilities, Weirdness & Mutations

You passively map a small area around you.
You are easily found by Zot.
You glow in the dark.
You regain HP and MP as you explore.


Message History

The goblin no longer looks unusually strong.
You see here a +0 club.
You slash the goblin!
You kill the goblin!
You have reached level 4!
You hit the hobgoblin.
You kill the hobgoblin!
You slash the goblin!
You kill the goblin!
You hit the goblin.
The goblin is severely wounded.
Robin roars a battlecry!
The goblin goes into a battle-frenzy!
The goblin barely misses you.
You barely miss the goblin.
The goblin is severely wounded.
You hit the goblin.
You kill the goblin!
You hit the goblin.
You kill the goblin!
You hit Robin but do no damage. Robin hits you with a +0 mace.
Robin hits you but does no damage.
You barely miss Robin. Robin barely misses you.
You hit Robin.
Robin is lightly wounded.
Robin hits you with a +0 mace.
* * * LOW HITPOINT WARNING * * *
Sorry, you're not good enough to have a special ability.
You slash Robin!
Robin is severely wounded.
Robin hits you with a +0 mace.
* * * LOW HITPOINT WARNING * * *
You hit Robin but do no damage.
Robin is severely wounded.
Robin hits you with a +0 mace.
* * * LOW HITPOINT WARNING * * *
You hit Robin.
Robin is almost dead.
Robin hits you with a +0 mace.
You die...

*###....)....#
*#.# ........##*
* #..#
##.......##
*##..#
#...##....###...
* ,...,
#.##.).#.# #
#..*###...# ,
#.# #..#### #.
#..wg)# * #.
#.###@# * #.
##.##..# , # #.
##..##.##
#.#.###..###.# *
* #...#...###..#
* ##.)####<.#**
* ,#..####..## *
* #.#.####..##
*, *,#........##
, ,


You could see Robin and a dart slug.

Vanquished Creatures
  An adder (D:2)
  3 endoplasms (D:1)
  A giant cockroach (D:1)
  11 goblins
  3 hobgoblins (D:2)
  2 jackals (D:1)
  A ball python (D:1)
  2 bats
  A frilled lizard (D:1)
  2 kobolds
  5 rats
32 creatures vanquished.

Notes
Turn   | Place    | Note
-------+----------+-------------------------------------------
     0 | D:1      | monsoonserge the Meteoran Monk began the quest for the Orb.
     0 | D:1      | Reached XP level 1. HP: 19/19 MP: 2/2
   314 | D:2      | Noticed Natasha
   318 | D:2      | Noticed a cerulean imp
   378 | D:1      | Reached XP level 2. HP: 23/26 MP: 3/3
   432 | D:1      | Reached XP level 3. HP: 7/31 MP: 4/4
   613 | D:2      | Noticed Robin
   633 | D:2      | Reached XP level 4. HP: 19/40 MP: 5/5
   644 | D:2      | Slain by Robin

Illustrated notes

Levels and vault maps discovered:
D:1:      psy_arrival_dodecagon, layout_loops_corners, minmay_misc_feat_ornament
D:2:      layout_rooms, uniq_natasha, uniq_robin, uniq_jessica

Skill      XL: |  1  2 |
---------------+-------+-----
Long Blades    | 4 |  4.5
Dodging        | 4 |  4.3
Fighting       | |  3.7
Armour         | |  0.2

Action                     |  1- 3 |  4- 6 || total
---------------------------+-------+-------++-------
  Melee: Falchion          |    57 |    12 ||    69
 Armour: Robe              |     5 |       ||     5
         Ring mail         |    11 |     1 ||    12
  Dodge: Dodged            |    35 |     2 ||    37
